 Dungeon Crawl Stone Soup version 0.28-a0-384-g9e0c098162 (webtiles) character file.

Game seed: 9217570877720132704

91 desmos the Cudgeller (level 4, -2/40 HPs)
             Began as a Hill Orc Berserker on Sept 3, 2021.
             Was a Believer of Trog.
             Killed from afar by Terence (8 damage)
             ... with a puff of flame
             ... on level 2 of the Dungeon.
             The game lasted 00:09:24 (1740 turns).

desmos the Cudgeller (Hill Orc Berserker)           Turns: 1740, Time: 00:09:25

Health: -2/40      AC:  6    Str: 20    XL:     4   Next: 57%
Magic:  4/4        EV: 11    Int:  7    God:    Trog [**....]
Gold:   25         SH:  0    Dex: 10    Spells: 3/3 levels left

rFire   . . .      SeeInvis .   a - +0 mace
rCold   . . .      Faith    .   (no shield)
rNeg    . . .      Spirit   .   g - +0 ring mail
rPois   .          Reflect  .   e - +0 helmet
rElec   .          Harm     .   (no cloak)
rCorr   .          Rampage  .   (no gloves)
Will    .....                   (no boots)
Stlth   +.........              (no amulet)
HPRegen 0.13/turn               (no ring)
MPRegen 0.09/turn               (no ring)

@: no status effects
A: no striking features
a: Renounce Religion, Berserk, Trog's Hand


You were on level 2 of the Dungeon.
You worshipped Trog.
Trog was pleased with you.
You visited 1 branch of the dungeon, and saw 2 of its levels.

You collected 25 gold pieces.

Inventory:

Hand Weapons
 a - a +0 mace (weapon)
Armour
 b - a +0 animal skin
 e - a +0 helmet (worn)
 g - a +0 ring mail (worn)
Potions
 c - 3 potions of curing
 f - a potion of brilliance {unknown}
 i - a potion of haste {unknown}


   Skills:
 + Level 4.0 Fighting
 * Level 5.0 Maces & Flails
 + Level 2.4 Armour
 - Level 2.0 Dodging
 + Level 0.4 Stealth


You had 3 spell levels left.
You didn't know any spells.
Your spell library was empty.

Dungeon Overview and Level Annotations

Branches:
Dungeon (2/15)

Altars:

Annotations:
D:2 Terence


Message History

Terence the Incautious comes into view.
He is wielding a +4 hand axe and carrying a wand of flame (7).
Terence shouts!
Terence says, "Rest in peace."
Terence drinks a potion.
Terence flickers and vanishes!
Deactivating autopickup; reactivate with Ctrl-A.
You hit the jackal.
The jackal is severely wounded.
The jackal bites you but does no damage.
You sock the jackal!
You kill the jackal!
Trog accepts your kill. The jackal closely misses you.
You hit the jackal but do no damage. The jackal barely misses you.
The jackal bites you but does no damage.
You hit the jackal.
The jackal is severely wounded.
The jackal bites you.
You barely miss the jackal.
The jackal is severely wounded.
The jackal bites you. The jackal closely misses you.
You hit the jackal.
You kill the jackal!
Trog accepts your kill.
You closely miss something. Something barely misses you.
You barely miss something. Something completely misses you. Something hits you.
You barely miss something.
You hear a zap.
A puff of flame appears from out of thin air!
The puff of flame hits you!
You miss something. Something hits you!
* * * LOW HITPOINT WARNING * * *
You hear a zap.
A puff of flame appears from out of thin air!
The puff of flame hits you!
* * * LOW HITPOINT WARNING * * *
There is an escape hatch in the ceiling here.
You hear a zap.
A puff of flame appears from out of thin air!
The puff of flame hits you!
You die...

........##....# ##....
........##....# ##### #.....
........##....# #...# ###†....
........##....######...###.#.####
..............'÷..........>#.#
####....##....##.....#.......#
#######....##.....#.......####
#######.....#.###.#.....
#@....#.#......... .
#.....#.###....... .
#.{...#+###.#..... .
###......##.#.#### ## ###
#......'..#.# .. #......##.#.#
#.# #...#######.# .. #...# #.# #.
#...# #.#


There were no monsters in sight!

Vanquished Creatures
  Robin (D:2)
  3 adders (D:2)
  2 dart slugs
  5 ball pythons
  An endoplasm (D:1)
  10 hobgoblins
  2 jackals (D:2)
  A quokka (D:1)
  5 bats
  3 frilled lizards
  10 goblins
  2 kobolds
  3 rats (D:1)
48 creatures vanquished.

Notes
Turn   | Place    | Note
-------+----------+-------------------------------------------
     0 | D:1      | desmos the Hill Orc Berserker began the quest for the Orb.
     0 | D:1      | Reached XP level 1. HP: 19/19 MP: 1/1
   322 | D:1      | Reached XP level 2. HP: 26/27 MP: 2/2
   754 | D:1      | Reached skill level 4 in Maces & Flails
   773 | D:1      | Reached XP level 3. HP: 32/33 MP: 3/3
  1310 | D:2      | Reached ** piety under Trog
  1383 | D:2      | Noticed Robin
  1397 | D:2      | Killed Robin
  1398 | D:2      | Reached XP level 4. HP: 40/40 MP: 4/4
  1650 | D:2      | Reached skill level 5 in Maces & Flails
  1708 | D:2      | Noticed Terence
  1740 | D:2      | Killed from afar by Terence

Illustrated notes

Levels and vault maps discovered:
D:1:      dpeg_arrival_lava_altar, layout_basic
D:2:      layout_basic, hellmonk_ecumenical_altar_lost_god,
          corexii_corridor_pit, minmay_misc_feat_room, uniq_terence, uniq_robin

Skill      XL: |  1  2  3  4 |
---------------+-------------+-----
Maces & Flails | 4 5 |  5.0
Fighting       | 4 |  4.0
Dodging        | 2 |  2.0
Armour         | |  2.4
Stealth        | |  0.4

Action                   |  1- 3 |  4- 6 || total
-------------------------+-------+-------++-------
Melee: Mace              |   116 |    39 ||   155
Invok: Berserk           |     2 |       ||     2
       Trog's Hand       |     1 |       ||     1
  Use: Scroll            |     2 |       ||     2
Armor: Animal skin       |    10 |       ||    10
       Ring mail         |    42 |    19 ||    61
Dodge: Dodged            |    78 |    24 ||   102

Table legend: (Time is in decaauts)
 A = Elapsed time spent in this place.
 B = Non-inter-level travel time spent in this place.
 C = Inter-level travel time spent in this place.
 D = Time resting spent in this place.
 E = Time spent auto-exploring this place.
 F = Levels seen in this place.
 G = Mean time per level.
                   A        B        C        D        E       F      G
               +--------+--------+--------+--------+--------+-----+--------+
         Total |   1788 |   1778 |     10 |    305 |   1071 |   2 |  894.0 |
       Dungeon |   1788 |   1778 |     10 |    305 |   1071 |   2 |  894.0 |
               +--------+--------+--------+--------+--------+-----+--------+

Top non-repeatable levels by time:
     D:1: 1218 daAuts
     D:2: 569 daAuts
